 Dungeon Crawl Stone Soup version 0.29.0-11-gd7f09526c8 (webtiles) character file.

Game seed: 1068973261533165535

2 SomeFlowers the Sneak (level 1, 0/14 HPs)
             Began as a Ghoul Enchanter on Sept 5, 2022.
             Slain by a goblin
             ... wielding a +0 dagger
              (3 damage)
             ... on level 1 of the Dungeon.
             The game lasted 00:00:32 (267 turns).

SomeFlowers the Sneak (Ghoul Enchanter)              Turns: 267, Time: 00:00:32

Health: 0/14       AC:  2    Str: 11    XL:     1   Next: 40%
Magic:  2/2        EV: 12    Int: 10    God:
Gold:   20         SH:  0    Dex:  9    Spells: 3/3 levels left

rFire   . . .      SeeInvis .   e - +0 short sword
rCold   + . .      Faith    .   (no shield)
rNeg    + + +      Spirit   .   b - +0 robe
rPois   ∞          Reflect  .   (no helmet)
rElec   .          Harm     .   (no cloak)
rCorr   .          Rampage  .   (no gloves)
Will    .....                   (no boots)
Stlth   ++........              (no amulet)
HPRegen 0.00/turn               (no ring)
MPRegen 0.08/turn               (no ring)

@: inhibited regen
A: claws 1, cold resistance 1, negative energy resistance 3, inhibited
regeneration, torment resistance 2, devour on kill
a: no special abilities


You were on level 1 of the Dungeon.
You visited 1 branch of the dungeon, and saw 1 of its levels.

You collected 20 gold pieces.

Inventory:

Hand Weapons
 a - a +1 dagger
 e - a +0 short sword (weapon)
Armour
 b - a +0 robe (worn)
 d - a +0 pair of gloves
Scrolls
 f - a scroll of enchant weapon {unknown}
Potions
 c - 2 potions of invisibility


   Skills:
 + Level 0.8 Short Blades
 - Level 1.7 Dodging
 + Level 3.2 Stealth
 - Level 1.7 Spellcasting
 + Level 2.6 Hexes


You had 3 spell levels left.
You didn't know any spells.
Your spell library contained the following spells:

 Spells                   Type           Power      Damage    Failure   Level
 Ensorcelled Hibernation  Hex/Ice        6%         N/A       28%         2
 Confusing Touch          Hex            6%         N/A       32%         3
 Tukima's Dance           Hex            6%         N/A       32%         3
 Dazzling Flash           Conj/Hex       6%         N/A       50%         3


Dungeon Overview and Level Annotations

Branches:
Dungeon (1/15)

Altars:


Innate Abilities, Weirdness & Mutations

You are immune to poison.
You have sharp fingernails.
Your flesh is cold resistant. (rC+)
You are immune to negative energy. (rN+++)
You do not regenerate when monsters are visible.
You are immune to unholy pain and torment.
You thrive by killing the living.


Message History

You feel better.
Things that are here:
a +0 short sword; a ball python corpse; a kobold corpse
Okay, then.
Unknown command.
Things that are here:
a +0 short sword; a ball python corpse; a kobold corpse
e - a +0 short sword
e - a +0 short sword (weapon)
You start resting.
f - a scroll labelled HESAGUE PEFO HP restored.
Found a chain mail.
Found a stone staircase leading down.
A goblin comes into view. It is wielding a +0 dagger.
You see here 7 gold pieces.
The goblin shouts!
You hear an angry hiss.
A rat comes into view.
You see here 7 gold pieces.
You now have 20 gold pieces (gained 7).
The goblin hits you with a +0 dagger.
You miss the goblin. You claw the goblin, but do no damage.
The goblin hits you with a +0 dagger.
You completely miss the goblin. The goblin closely misses you.
You barely miss the goblin. The goblin closely misses you.
You barely miss the goblin. The goblin barely misses you.
You closely miss the goblin. The goblin hits you with a +0 dagger.
You barely miss the goblin. The goblin hits you but does no damage.
You hit the goblin.
The goblin is moderately wounded.
The goblin closely misses you.
You closely miss the goblin.
The goblin is moderately wounded.
The goblin hits you with a +0 dagger.
You hit the goblin.
The goblin is severely wounded.
The goblin hits you with a +0 dagger.
* * * LOW HITPOINT WARNING * * *
The goblin hits you with a +0 dagger.
You die...

##.....####
..........######
...###.........##
### .###
##...÷##...###...
.#
#.......##..#.#.#
..##.....##...#...#
.# .
........####......#
.## .. .......##
####..## .. .g.
....### ##@# .#
.... ..###
#g###.#....# ###
####r.....r#
.............##
.............#
................
...###....[.#...>.
.. #............ .
..............


You could see a goblin and a rat.

Vanquished Creatures
  A ball python (D:1)
  A kobold (D:1)
2 creatures vanquished.

Notes
Turn   | Place    | Note
-------+----------+-------------------------------------------
     0 | D:1      | SomeFlowers the Ghoul Enchanter began the quest for the
                  | Orb.
     0 | D:1      | Reached XP level 1. HP: 14/14 MP: 2/2
   267 | D:1      | Slain by a goblin

Illustrated notes

Levels and vault maps discovered:
D:1:      dpeg_arrival_round_c, layout_rooms,
          shapermc_ecumenical_altar_acropolis

Action                   || total
-------------------------++-------
Melee: Short sword       ||     9
       Dagger            ||     6
       Punch             ||     1
Armor: Robe              ||     1
Dodge: Dodged            ||     5
